 Dungeon Sprint DCSS version 0.18.1-48-g4cf74bf (webtiles) character file.

36 Groucho the Insei (level 3, -1/19 HPs)
             Began as a Vine Stalker Transmuter on July 9, 2016.
             Slain by a worker ant (7 damage)
             ... in the Dungeon (Sprint IX: "|||||||||||||||||||||||||||||").
             The game lasted 00:00:27 (38 turns).

Groucho the Insei (Vine Stalker Transmuter)           Turns: 38, Time: 00:00:27

Health: -1/19      AC:  2    Str: 13    XL:     3   Next: 37%
Magic:  0/7        EV: 13    Int: 13    God:
Gold:   0          SH:  0    Dex: 14    Spells: 1 memorised, 5 levels left

rFire  . . .     SeeInvis .       - Unarmed
rCold  . . .     Gourm    .     b - +0 robe
rNeg   . . .     Faith    .     (no shield)
rPois  .         Spirit   +     (no helmet)
rElec  .         Dismiss  .     (no cloak)
rCorr  .         Reflect  .     (no gloves)
SustAt .         Harm     .     (boots currently unavailable)
MR     .....     NoTele   +     (no amulet)
Stlth  +.........               (no ring)
                                (no ring)

@: appendage, not resistant to hostile enchantments, very unstealthy
A: fangs 2, talons 3, regeneration 1, magic shield, antimagic bite, no device
heal 3, rot immunity
a: End Transformation


You were in the Dungeon.
You were not hungry.
You had grown temporary talons.
You visited 1 branch

Inventory:

Missiles
 a - 12 arrows
Armour
 b - a +0 robe (worn)
Scrolls
 j - a scroll of blinking
Potions
 e - a potion of curing
 f - a potion of heal wounds
 g - a potion of haste
 h - 2 potions of magic
 i - a potion of berserk rage
Books
 c - a book of Changes

   Spells                             Type                      Level
   a - Beastly Appendage              Transmutation                1
   b - Sticks to Snakes               Transmutation                2
   c - Spider Form                    Transmutation/Poison         3
   d - Ice Form                       Ice/Transmutation            4
   e - Blade Hands                    Transmutation                5
Comestibles
 d - a bread ration


   Skills:
 + Level 2.8 Fighting
 + Level 2.9 Dodging
 * Level 5.5 Unarmed Combat
 - Level 2.1 Spellcasting
 - Level 2.0 Transmutations


You had 5 spell levels left.
You knew the following spells:

 Your Spells              Type           Power        Failure   Level  Hunger
a - Beastly Appendage     Trmt           #.....       12%         1    ##.....


Dungeon Overview and Level Annotations

Branches:
Dungeon (1/1)

Altars:


Innate Abilities, Weirdness & Mutations

You have extremely sharp teeth.
Your natural rate of healing is unusually fast.
When hurt, damage is shared between your health and your magic reserves.
Your bite disrupts and absorbs the magic of your enemies.
Potions and wands cannot restore your health.
You are immune to rotting.
You have claws for feet.


Message History

You have reached level 2!
You have reached level 3!
Your experience leads to an increase in your attributes!
Increase (S)trength, (I)ntelligence, or (D)exterity?
You feel stronger.
Unknown command.
Unknown command.
Your horns disappear.
You hit the quokka zombie. The quokka zombie misses you.
You punch the quokka zombie!
You destroy the quokka zombie!
The giant cockroach misses you.
You closely miss the giant cockroach. Your bite misses the giant cockroach.
The giant cockroach misses you.
You hit the giant cockroach.
You kill the giant cockroach!
Casting: Beastly Appendage
Confirm with . or Enter, or press ? or * to list all spells.
Your feet morph into talons.
The worker ant bites you!
You die...

▓▓▓
▓<▓
▓.▓
▓.▓
▓.▓
▓†▓
▓.▓
▓@▓
▓a▓
▓s▓
▓.▓
▓)▓
▓.▓
▓.▓
▓.▓
▓.▓


You could see a scorpion and a worker ant.

Vanquished Creatures
  An orc wizard (D)
  A giant gecko (D)
  A ball python (D)
  A bat (D)
  A giant cockroach (D)
  A giant newt (D)
  A quokka zombie (D)
  A rat (D)
8 creatures vanquished.

Notes
Turn   | Place    | Note
--------------------------------------------------------------
     0 | D        | Groucho the Vine Stalker Transmuter began the quest for the Orb.
     0 | D        | Reached XP level 1. HP: 9/9 MP: 4/4
     5 | D        | Reached skill level 1 in Fighting
    13 | D        | Reached skill level 4 in Unarmed Combat
    18 | D        | Noticed an orc wizard
    18 | D        | Noticed a worker ant
    18 | D        | Noticed a scorpion
    30 | D        | Killed an orc wizard
    30 | D        | Reached skill level 5 in Unarmed Combat
    30 | D        | Reached XP level 2. HP: 3/16 MP: 0/6
    30 | D        | Reached XP level 3. HP: 4/19 MP: 0/7
    38 | D        | Slain by a worker ant

Skill      XL: |  1 |
---------------+----+-----
Fighting       | 2 |  2.8
Dodging        | 2 |  2.9
Unarmed Combat | 5 |  5.5
Spellcasting   | |  2.1
Transmutations | |  2.0

Action                   || total
-------------------------++-------
Melee: Unarmed           ||    22
       Bite              ||     3
       Kick              ||     1
       Headbutt          ||     1
 Cast: Beastly Appendage ||     3
Dodge: Dodged            ||    12
